 Dungeon Crawl Stone Soup version 0.31.0-32-g396128a36d (webtiles) character file.

Game seed: 12964710746082136052

89 PaiMei the Digger (level 4, -10/26 HPs)
             Began as a Gargoyle Earth Elementalist on Mar 11, 2024.
             Blown up by Ijyb (18 damage)
             ... with a mindburst bolt
             ... on level 3 of the Dungeon.
             The game lasted 00:03:32 (1949 turns).

PaiMei the Digger (Gargoyle Earth Elementalist)     Turns: 1949, Time: 00:03:33

Health: -10/26     AC:  9    Str: 12    XL:     4   Next: 55%
Magic:  7/8        EV: 11    Int: 17    God:
Gold:   128        SH:  0    Dex: 10    Spells: 7/8 levels left

rFire   . . .        t - +0 short sword (drain)
rCold   . . .        (no shield)
rNeg    + . .        a - +0 robe
rPois   ∞            h - +2 helmet
rElec   +            (no cloak)
rCorr   .            (no gloves)
SInv    .            j - +0 pair of boots
Will    .....        (no amulet)
Stlth   ++           (no ring)
HPRegen 0.24/turn    (no ring)
MPRegen 0.11/turn

%: no passive effects
@: no status effects
A: sickness immunity, AC +3, negative energy resistance 1, electricity
resistance, torment resistance 1, petrification resistance
a: no special abilities


You were on level 3 of the Dungeon.
You visited 1 branch of the dungeon, and saw 3 of its levels.

You collected 128 gold pieces.

Inventory:

Hand Weapons
 c - a +0 dagger
 d - a +0 short sword
 e - a +0 long sword
 t - a +0 short sword of draining (weapon)
Missiles
 o - 24 stones
Armour
 a - a +0 robe (worn)
 h - a +2 helmet (worn)
 j - a +0 pair of boots (worn)
Jewellery
 i - a ring of willpower
Scrolls
 f - 2 scrolls of teleportation {unknown}
 g - a scroll of noise {unknown}
 k - 2 scrolls of amnesia {unknown}
 m - a scroll of fear {unknown}
 p - a scroll of poison {unknown}
Potions
 b - a potion of magic
 l - a potion of ambrosia {unknown}
 n - a potion of brilliance {unknown}
 q - 2 potions of resistance {unknown}
 r - a potion of haste {unknown}
 s - a potion of enlightenment {unknown}


   Skills:
 + Level 2.0 Fighting
 + Level 1.9 Armour
 - Level 1.5 Dodging
 - Level 2.1 Stealth
 + Level 2.7 Spellcasting
 - Level 1.1 Conjurations
 + Level 4.4 Earth Magic


You had 7 spell levels left.
You knew the following spells:

 Your Spells              Type           Power      Damage    Failure   Level
a - Sandblast             Erth           34%        2d9       3%          1

Your spell library contained the following spells:

 Spells                   Type           Power      Damage    Failure   Level
 Passwall                 Erth           17%        N/A       9%          3
 Stone Arrow              Conj/Erth      22%        3d8       17%         3
 Apportation              Tloc           4%         N/A       19%         1
 Slow                     Hex            8%         N/A       19%         1
 Summon Small Mammal      Summ           8%         N/A       19%         1
 Momentum Strike          Conj/Tloc      8%         3d8       22%         2
 Blink                    Tloc           4%         N/A       26%         2
 Jinxbite                 Hex            4%         N/A       26%         2
 Lesser Beckoning         Tloc           4%         N/A       26%         2
 Call Canine Familiar     Summ           2%         N/A       47%         3
 Confusing Touch          Hex            2%         N/A       47%         3
 Sigil of Binding         Hex            2%         N/A       47%         3
 Vampiric Draining        Necr           2%         2d6       47%         3
 Brom's Barrelling Bould  Conj/Erth      11%        2d3       50%         4
 Petrify                  Alch/Erth      9%         N/A       58%         4
 Summon Blazeheart Golem  Fire/Summ      2%         N/A       87%         4
 Alistair's Intoxication  Alch           1%         N/A       99%         5


Dungeon Overview and Level Annotations

Branches:
Dungeon (3/15)

Altars:

Annotations:
D:3 Ijyb


Innate Abilities, Weirdness & Mutations

You are immune to sickness and miasma.
Your stone body is resilient. (AC +3)
You are immune to poison.
You resist negative energy. (rN+)
You are resistant to electric shocks. (rElec)
You are resistant to unholy torment.
You are immune to petrification.


Message History

The orc is severely wounded.
The orc barely misses you. The orc hits you with a +0 trident!
You hit the orc.
You kill the orc!
You barely miss the frilled lizard. The frilled lizard barely misses you.
You slash the frilled lizard!
You kill the frilled lizard!
Items here: ))))) [ ††.
You start resting.
HP restored.
You start waiting.
Done waiting.
Things that are here:
a +0 short sword of draining; a kobold skeleton You sense an unholy aura.
t - a +0 short sword of draining (weapon)
A rat comes into view.
The rat squeaks loudly.
The rat barely misses you.
You hit the rat.
You kill the rat!
You see here a rat corpse.
Ijyb the Twisted Goblin comes into view.
She is wielding a +0 dagger and carrying a wand of mindburst.
Search for what [Enter for "."]? .
Ijyb shouts!
Ijyb hits you but does no damage.
You barely miss Ijyb. Ijyb barely misses you.
You barely miss Ijyb.
Ijyb zaps a wand.
Your mind is blasted!
Ouch! That really hurt!
Casting: Sandblast (safe; 3% risk of failure)
Confirm with . or Enter, or press ? or * to list all spells.
Aiming: Sandblast (safe; 3% risk of failure)
Press: ? - help, Shift-Dir - straight line, f - Ijyb
Aim: Ijyb, wielding a +0 dagger, wearing a +0 ring mail and carrying a wand of mindburst (80% to hit)
The blast of sand hits Ijyb.
Ijyb is lightly wounded.
A frilled lizard comes into view.
Ijyb closely misses you.
Ijyb zaps a wand.
Your mind is blasted!
Ouch! That really hurt!
You die...

#.l #.# ##... #.#
..... #.# #... #.#
... #.# #.#### #g##
#..... #@.# ##....
##.# . #.....
###.###.# #..##.
#..#....######..##.
#.#.####........##.
#.#.# #.######.##.
###.#.# #.# #.##.
#...#.#
#.######.##.
#.###.#
#........##.


You could see Ijyb and a frilled lizard (wandering).

Vanquished Creatures
  An orc priest (D:2)
  An adder (D:2)
  A ribbon worm (D:2)
  5 orcs (D:3)
  6 ball pythons
  2 bats
  2 endoplasms
  A giant cockroach (D:1)
  2 goblins
  3 hobgoblins
  4 kobolds
  4 quokkas (D:1)
  4 frilled lizards
  8 rats
44 creatures vanquished.

Notes
Turn   | Place    | Note
-------+----------+-------------------------------------------
     0 | D:1      | PaiMei the Gargoyle Earth Elementalist began the quest for
                  | the Orb.
     0 | D:1      | Reached XP level 1. HP: 10/10 MP: 3/3
   165 | D:1      | Reached XP level 2. HP: 10/16 MP: 5/5
   331 | D:1      | Reached skill level 1 in Armour
   461 | D:1      | Reached skill level 1 in Fighting
   461 | D:1      | Reached skill level 4 in Earth Magic
   854 | D:2      | Reached XP level 3. HP: 13/20 MP: 6/6
  1635 | D:3      | Reached XP level 4. HP: 19/26 MP: 7/7
  1936 | D:3      | Noticed Ijyb
  1949 | D:3      | Blown up by Ijyb

Illustrated notes

Levels and vault maps discovered:
D:1:      wheals_arrival_linesprint, layout_basic, kennysheep_doodads
D:2:      layout_loops_cross
D:3:      gammafunk_wand_slinger, layout_loops_ring, uniq_robin, uniq_ijyb

Skill      XL: |  1  2  3  4 |
---------------+-------------+-----
Armour         | 1 |  1.9
Fighting       | 1 2 |  2.0
Earth Magic    | 4 |  4.4
Dodging        | |  1.5
Stealth        | |  2.1
Spellcasting   | |  2.7
Conjurations   | |  1.1

Action                     |  1- 3 |  4- 6 || total
---------------------------+-------+-------++-------
  Melee: Dagger            |    18 |       ||    18
         Unarmed           |    13 |       ||    13
         Short sword       |     9 |     3 ||    12
         Punch             |     2 |       ||     2
         Long sword        |   111 |     7 ||   118
   Cast: Sandblast         |     3 |     6 ||     9
   Stab: Sleeping          |     3 |       ||     3
 Armour: Robe              |   124 |     9 ||   133
  Dodge: Dodged            |   106 |     9 ||   115
